Map: Radhuset Station LE

Players

Wayne (Vanya) - Winner!

  • Race: Zerg Zerg
  • Spawn Location: 1:00

move (MilkiCow)

  • Race: Terran Terran
  • League: Grandmaster
  • Spawn Location: 7:00

VOD

Have the link to the VOD?

Description

Time

  • Played on: Nov. 21, 2023, 10:49 a.m.
  • Length: 4:13
Show
View Real Time Build Order
Export as new Build Order

Wayne Zerg - Winner!

Build Orders: Hatch First 

Get SALT Encoding   

  12  0:00  Drone  
  13  0:25  Drone  
  14  0:47  Hatchery  
  13  0:52  Spawning Pool  
  13  0:56  Drone  
  13  1:01  Drone  
  14  1:11  Drone, Extractor  
  14  1:16  Drone, Extractor  
  14  1:39  Roach Warren, Drone  
  14  1:43  Overlord  
  14  1:59  Queen  
  16  2:18  Roach  
  16  2:19  Roach  
  20  2:29  Roach  
  22  2:38  Ravager x2  
  24  2:46  Roach  
  24  2:48  Ravager  
  27  3:07  Overlord  
  27  3:09  Ravager  
  28  3:29  Roach  
  28  3:30  Roach  
  32  3:43  Roach  
Show
View Real Time Build Order
Export as new Build Order

move Terran 

Build Orders: Command Center First 

Get SALT Encoding   

  12  0:00  SCV  
  13  0:12  SCV  
  14  0:17  Supply Depot  
  14  0:24  SCV  
  15  0:39  SCV  
  16  0:51  SCV  
  17  0:59  Command Center  
  17  1:03  SCV  
  18  1:13  Barracks  
  18  1:17  SCV  
  19  1:23  Refinery  
  19  1:29  SCV  
  20  1:33  Refinery  
  20  1:41  SCV  
  21  1:53  SCV  
  22  2:01  Marine  
  23  2:05  Orbital Command  
  23  2:11  Orbital Command  
  23  2:19  Factory  
  23  2:21  Barracks Reactor  
  23  2:31  SCV  
  24  2:37  SCV  
  24  2:43  SCV  
  26  2:49  SCV  
  26  2:50  Bunker  
  27  2:56  SCV  
  27  2:57  Marine  
  27  2:58  Marine  
  30  3:01  SCV  
  30  3:02  Cyclone  
  28  3:09  SCV  
  29  3:13  SCV  
  29  3:15  Marine  
  26  3:32  Marine  
  24  3:34  Cyclone  
  25  3:54  SCV  
Tags
 
Add a new tag
Caveats
  • Supply blocks, unpowered buildings, or Contaminate may cause inaccurate times.
  • Supply counts are checked every 10 seconds.